 Dungeon Crawl Stone Soup version 0.28.0-53-g5a82cb258f (webtiles) character file.

Game seed: 3997841618356599389

42 LynnLen the Sneak (level 3, -3/19 HPs)
             Began as a Vampire Enchanter on Aug 16, 2022.
             Slain by an orc
             ... wielding a +0 flail
              (8 damage)
             ... on level 3 of the Dungeon.
             The game lasted 00:03:31 (1188 turns).

LynnLen the Sneak (Vampire Enchanter)               Turns: 1188, Time: 00:03:32

Health: -3/19      AC:  2    Str:  7    XL:     3   Next: 33%
Magic:  6/6        EV: 12    Int: 17    God:
Gold:   60         SH:  0    Dex: 16    Spells: 3/6 levels left

rFire   . . .      SeeInvis +   a - +1 dagger
rCold   + + .      Faith    .   (no shield)
rNeg    + + +      Spirit   .   b - +0 robe
rPois   ∞          Reflect  .   (no helmet)
rElec   .          Harm     .   (no cloak)
rCorr   .          Rampage  .   (no gloves)
Will    .....                   (no boots)
Stlth   +++++.....              (no amulet)
HPRegen 0.00/turn               (no ring)
MPRegen 0.10/turn               (no ring)

@: bloodless, inhibited regen
A: bloodless, fangs 3, see invisible, vampiric 2
a: Bat Form, Revivify


You were on level 3 of the Dungeon.
You visited 1 branch of the dungeon, and saw 3 of its levels.

You collected 60 gold pieces.

Inventory:

Hand Weapons
 a - a +1 dagger (weapon)
Missiles
 g - 5 poisoned darts (quivered)
Armour
 b - a +0 robe (worn)
Potions
 c - a potion of magic
 e - a potion of curing {unknown}


   Skills:
 + Level 2.6 Short Blades
 - Level 2.1 Dodging
 + Level 5.7 Stealth
 - Level 2.0 Spellcasting
 - Level 4.4 Hexes


You had 3 spell levels left.
You knew the following spells:

 Your Spells              Type           Power      Damage    Failure   Level
a - Confusing Touch       Hex            16%        N/A       10%         3

Your spell library contained the following spells:

 Spells                   Type           Power      Damage    Failure   Level
 Tukima's Dance           Hex            16%        N/A       10%         3
 Ensorcelled Hibernation  Hex/Ice        18%        N/A       12%         2
 Dazzling Flash           Conj/Hex       18%        N/A       24%         3
 Fireball                 Conj/Fire      0%         3d3       99%         5
 Starburst                Conj/Fire      0%         6d3       100%        6
 Ignition                 Fire           0%         3d3       100%        8


Dungeon Overview and Level Annotations

Branches:
Dungeon (3/15)

Altars:


Innate Abilities, Weirdness & Mutations

You do not regenerate when monsters are visible.
You are frail without blood (-20% HP).
You can heal yourself when you bite living creatures.
You are immune to poison.
You have razor-sharp teeth.
You have supernaturally acute eyesight. (SInv)
You are afflicted with vampirism and can become a bat while bloodless.


Message History

a +0 short sword; 5 poisoned darts; a kobold corpse
g - 5 poisoned darts Done exploring.
Done exploring.
Done exploring.
Done exploring.
As you read the scroll labelled KEROKH KITROR, it crumbles to dust.
The air around you briefly surges with heat, but it dissipates.
It was a scroll of immolation.
As you read the scroll labelled WAEGHU BIMP, it crumbles to dust.
It is a scroll of identify.
c - a potion of magic
There is a stone staircase leading down here.
You climb downwards.
There is a stone staircase leading up here.
An orc comes into view. It is wielding a +0 flail.
An orc priest comes into view. It is wielding a +0 dagger.
The orc priest shouts!
The orc priest barely misses you.
You hit the orc priest. You bite the orc priest.
You draw the orc priest's blood!
The orc priest is heavily wounded.
The orc priest barely misses you.
You hit the orc priest. You bite the orc priest.
You draw the orc priest's blood!
The orc priest is severely wounded.
The orc misses you.
The orc priest looks encouraged for a moment.
You barely miss the orc priest.
The orc priest is severely wounded.
The orc hits you with a +0 flail. The orc priest barely misses you.
You hit the orc priest but do no damage.
The orc priest is severely wounded.
The orc hits you with a +0 flail!
* * * LOW HITPOINT WARNING * * *
The orc priest looks braver for a moment.
You hit the orc priest.
The orc priest is almost dead.
The orc hits you with a +0 flail!
You die...

## ####
. ..# #.
...
#.##.#
#..oo#
#.###.@#
#......#
######.#
#.# #.#
#.# #.#
####.#
#....#


You could see an orc priest and an orc.

Vanquished Creatures
  An adder (D:2)
  2 dart slugs (D:2)
  2 endoplasms (D:2)
  2 giant cockroaches
  2 goblins
  A quokka (D:2)
  3 ball pythons
  8 bats
  2 frilled lizards (D:2)
  3 kobolds
  2 rats
28 creatures vanquished.

Notes
Turn   | Place    | Note
-------+----------+-------------------------------------------
     0 | D:1      | LynnLen the Vampire Enchanter began the quest for the Orb.
     0 | D:1      | Reached XP level 1. HP: 13/13 MP: 3/3
   246 | D:1      | You fall into a shaft and drop 1 floor!
   256 | D:2      | Reached skill level 5 in Stealth
   256 | D:2      | Reached XP level 2. HP: 15/15 MP: 5/5
   752 | D:2      | Gained mutation: You are afflicted with vampirism and can
                  | become a bat while bloodless. [Vampire growth]
   752 | D:2      | Reached XP level 3. HP: 19/19 MP: 6/6
   756 | D:2      | Learned a level 3 spell: Confusing Touch
  1188 | D:3      | Slain by an orc

Illustrated notes

Levels and vault maps discovered:
D:1:      giann_bridges, layout_basic, shapermc_ecumenical_altar_flowoftime
D:2:      layout_rooms
D:3:      layout_basic, lemuel_blue_sif_altar, minmay_joined_circles

Skill      XL: |  1  2 |
---------------+-------+-----
Stealth        | 5 |  5.7
Short Blades   | 2 |  2.6
Dodging        | |  2.1
Spellcasting   | |  2.0
Hexes          | |  4.4

Action                   || total
-------------------------++-------
Melee: Dagger            ||    72
       Bite              ||     8
       Punch             ||     2
 Abil: Exsanguinate      ||     1
  Use: Potion            ||     1
       Scroll            ||     2
 Stab: Sleeping          ||    11
       Invisible         ||     1
Armor: Robe              ||    15
Dodge: Dodged            ||    58
